 Dungeon Crawl Stone Soup version 0.25.0-9-g26727b657a (console) character file.

Game seed: 1353060589074448970

3686 bli the Martial Artist (level 9, -8/72 HPs)
             Began as a Grey Draconian Transmuter on June 20, 2020.
             Was a Follower of Dithmenos.
             Mangled by a two-headed ogre
             ... wielding a +0 giant spiked club
              (27 damage)
             ... on level 8 of the Dungeon.
             The game lasted 00:33:23 (7902 turns).

bli the Martial Artist (Grey Draconian Transmuter)  Turns: 7902, Time: 00:33:23

Health: -8/72      AC: 17    Str: 12    XL:     9   Next: 90%
Magic:  15/16      EV: 14    Int: 15    God:    Dithmenos [*.....]
Gold:   298        SH:  0    Dex: 14    Spells: 15/18 levels left

rFire    + . .     SeeInvis +     - Unarmed
rCold    + . .     Gourm    .   (no shield)
rNeg     . . .     Faith    +   (armour unavailable)
rPois    .         Spirit   .   e - +1 hat
rElec    .         Reflect  .   E - scarf {rC+ rF+}
rCorr    .         Harm     .   (no gloves)
MR       .....                  (boots currently unavailable)
Stlth    ++........             g - amulet of faith
HPRegen  0.22/turn              i - +4 ring of protection
MPRegen  0.15/turn              y - ring of see invisible

@: appendage, wreathed by umbra, drained
A: walk through water, unfitting armour, talons 3, unbreathing, cold-blooded, AC
+12
a: End Transformation, Renounce Religion


You were on level 8 of the Dungeon.
You worshipped Dithmenos.
Dithmenos was aware of your devotion.
You were not hungry.
You had grown temporary talons.
You visited 1 branch of the dungeon, and saw 8 of its levels.

You collected 298 gold pieces.

Inventory:

Hand Weapons
 m - a +0 spear of venom
 u - a +0 long sword of draining
 w - a +4 war axe of flaming
Missiles
 a - 98 arrows
 d - 268 stones (quivered)
 B - 7 datura-tipped darts
 F - 3 boomerangs
Armour
 b - a scarf of invisibility
 e - a +1 hat (worn)
 z - a +2 kite shield
 E - a scarf of resistance (worn)
Jewellery
 g - an amulet of faith (around neck)
 i - a +4 ring of protection (left hand)
 q - an uncursed ring of fire
 y - a ring of see invisible (right hand)
Wands
 A - a wand of digging (8)
 D - a wand of clouds (3)
 G - a wand of paralysis (9)
 I - a wand of random effects (2)
Scrolls
 f - 3 scrolls of fear {unknown}
 h - a scroll of identify
 p - 2 scrolls of fog {unknown}
 r - 5 scrolls of teleportation {unknown}
 s - 2 scrolls of amnesia {unknown}
 v - 2 scrolls of remove curse {unknown}
 x - a scroll of magic mapping {unknown}
 J - a scroll of noise {unknown}
Potions
 j - 2 potions of might {unknown}
 k - 2 potions of ambrosia
 l - 2 potions of curing
 n - 2 potions of stabbing
 t - a potion of brilliance
 C - a potion of degeneration {unknown}
 H - a potion of lignification
Comestibles
 c - 15 rations


   Skills:
 * Level 4.4(3.8) Fighting
 + Level 5.2(4.6) Dodging
 + Level 2.5(2.0) Stealth
 + Level 10.1(9.4) Unarmed Combat
 + Level 5.1(4.5) Spellcasting
 + Level 5.6(5.0) Transmutations
 + Level 0.3(0.0) Evocations


You had 15 spell levels left.
You knew the following spells:

 Your Spells              Type           Power        Failure   Level  Hunger
a - Beastly Appendage     Tmut           ###...       2%          1    None
b - Sticks to Snakes      Tmut           ###.....     3%          2    ##.....

Your spell library contained the following spells:

 Spells                   Type           Power        Failure   Level  Hunger
 Spider Form              Tmut/Pois      ##........   19%         3    ###....
 Ice Form                 Ice/Tmut       ##......     52%         4    ####...
 Blade Hands              Tmut           ###.......   52%         5    ######.


Dungeon Overview and Level Annotations

Branches:
Dungeon (8/15)             Temple (0/1) D:6
   Lair: D:8-11

Altars:
Dithmenos
Elyvilon
Kikubaaqudgha
Ru
Xom

Shops:
D:7 *


Innate Abilities, Weirdness & Mutations

You can walk through water.
Your dull iron-grey scales are very hard. (AC +12)
You cannot fit into any form of body armour.
You can survive without breathing.
You are cold-blooded and may be slowed by cold attacks.
You have claws for feet.


Message History

The two-headed ogre closely misses you.
The two-headed ogre hits you with a +0 giant club!
You hit the two-headed ogre.
The two-headed ogre is moderately wounded.
You hit the two-headed ogre.
You claw the two-headed ogre, but do no damage.
The two-headed ogre is moderately wounded.
The two-headed ogre completely misses you.
The two-headed ogre misses you.
You hit the two-headed ogre but do no damage.
The two-headed ogre is moderately wounded.
You hit the two-headed ogre. You claw the two-headed ogre.
The two-headed ogre is heavily wounded.
The two-headed ogre hits you with a +0 giant spiked club!!
The two-headed ogre hits you with a +0 giant club!!
* * * LOW HITPOINT WARNING * * *
You closely miss the two-headed ogre. You claw the two-headed ogre.
The two-headed ogre is heavily wounded.
The two-headed ogre hits you with a +0 giant spiked club!!
You die...

. .......... .#
......... .##
......... ....
......... (....
.....O..##.....
...........
#...O.###
#@....# #.....#
#........
..#......
###.?.#.. ####
.


You could see a two-headed ogre and an ogre.

Vanquished Creatures
  A hornet (D:7)
  Grinder (D:5)
  4 hogs (D:7)
  A human (D:7)
  A hungry ghost (D:7)
  2 orc warriors (D:7)
  5 ice beasts
  A phantom (D:6)
  2 ogres
  2 centaurs
  3 bullfrogs
  A scorpion (D:6)
  8 wights
  A howler monkey (D:7)
  2 crimson imps (D:7)
  3 jellies
  A centaur skeleton (D:6)
  4 orc priests
  6 orc wizards
  2 worker ants
  A hound skeleton (D:4)
  9 adders
  A shadow imp (D:5)
  An adder skeleton (D:5)
  A dart slug (D:3)
  3 worms
  2 leopard geckos
  14 orcs
  4 giant cockroaches
  6 goblins
  2 hobgoblins
  6 jackals (D:3)
  A quokka (D:4)
  8 bats
  3 frilled lizards
  A jackal skeleton (D:4)
  2 kobolds
  A leopard gecko skeleton (D:5)
  2 quokka zombies (D:5)
  10 rats
129 creatures vanquished.

Vanquished Creatures (collateral kills)
  Edmund (D:5)
  A scorpion (D:5)
  An iguana (D:5)
  An orc (D:5)
4 creatures vanquished.

Vanquished Creatures (others)
  2 hounds (D:4)
  A giant cockroach (D:4)
  A quokka (D:4)
4 creatures vanquished.

Grand Total: 137 creatures vanquished

Notes
Turn   | Place    | Note
-------+----------+-------------------------------------------
     0 | D:1      | bli the Draconian Transmuter began the quest for the Orb.
     0 | D:1      | Reached XP level 1. HP: 16/16 MP: 3/3
   194 | D:1      | Reached XP level 2. HP: 23/23 MP: 5/5
   820 | D:2      | Learned a level 2 spell: Sticks to Snakes
  1229 | D:2      | Reached XP level 3. HP: 28/28 MP: 6/6
  1380 | D:2      | Found an ancient bone altar of Kikubaaqudgha.
  1555 | D:2      | Reached skill level 4 in Unarmed Combat
  1869 | D:3      | Reached XP level 4. HP: 32/35 MP: 7/7
  2606 | D:4      | Found a shimmering altar of Xom.
  2624 | D:4      | Reached XP level 5. HP: 30/41 MP: 8/8
  3014 | D:5      | Entered Level 5 of the Dungeon
  3052 | D:5      | Reached skill level 5 in Unarmed Combat
  3193 | D:5      | Noticed an ice beast
  3194 | D:5      | Noticed an ogre
  3202 | D:5      | Killed an ice beast
  3202 | D:5      | Reached XP level 6. HP: 36/48 MP: 7/9
  3208 | D:5      | Reached skill level 6 in Unarmed Combat
  3457 | D:5      | Reached skill level 1 in Stealth
  3556 | D:5      | Noticed Edmund
  3577 | D:5      | Killed Edmund
  3819 | D:5      | Noticed an ice beast
  3822 | D:5      | Noticed Grinder
  3829 | D:5      | Paralysed by something for 6 turns
  3838 | D:5      | Your scales start taking on a dull iron-grey colour.
  3838 | D:5      | Reached XP level 7. HP: 38/55 MP: 7/10
  3838 | D:5      | Gained mutation: You can survive without breathing. [Grey
                  | Draconian growth]
  3840 | D:5      | Paralysed by something for 2 turns
  3849 | D:5      | HP: 1/55 [something (2)]
  4305 | D:5      | Paralysed by Grinder for 5 turns
  4311 | D:5      | Killed Grinder
  4311 | D:5      | Reached skill level 7 in Unarmed Combat
  4635 | D:5      | Found a shadowy altar of Dithmenos.
  4639 | D:5      | Became a worshipper of Dithmenos the Shadowed
  4890 | D:6      | Found a staircase to the Ecumenical Temple.
  4977 | D:6      | Reached XP level 8. HP: 62/62 MP: 10/12
  5289 | D:6      | Found a white marble altar of Elyvilon.
  5289 | D:6      | Found a sacrificial altar of Ru.
  5290 | D:6      | Found a shimmering altar of Xom.
  5476 | D:6      | Reached skill level 8 in Unarmed Combat
  5865 | D:7      | Noticed a hornet
  5908 | D:7      | Killed a hornet
  6151 | D:7      | Reached XP level 9. HP: 68/68 MP: 13/15
  6319 | D:7      | Reached skill level 9 in Unarmed Combat
  6394 | D:7      | Reached skill level 5 in Dodging
  6400 | D:7      | Reached * piety under Dithmenos
  6460 | D:7      | Found Gesug's General Store.
  7156 | D:7      | Reached skill level 5 in Transmutations
  7261 | D:7      | Reached skill level 5 in Spellcasting
  7670 | D:7      | Reached skill level 10 in Unarmed Combat
  7893 | D:8      | Noticed a two-headed ogre
  7902 | D:8      | Mangled by a two-headed ogre

Illustrated notes

Levels and vault maps discovered:
D:1:      lightli_arrival_statue_moat, layout_basic
D:2:      layout_basic, lemuel_coloured_pillars_altar
D:3:      layout_basic
D:4:      layout_loops_ring, xom_confusion_cloud
D:5:      layout_basic, kennysheep_mini_moat, first_ration, minivault_26,
          uniq_edmund, uniq_grinder
D:6:      layout_basic, gammafunk_temple_overflow_claw,
          minmay_temple_entry_water_ring
D:7:      layout_layer_cave, serial_shops, shop, grunt_livestock
D:8:      layout_cave_pools, lightli_orcish_oven, uniq_joseph

Skill      XL: |  1  2  3  4  5  6  7  8  9 |
---------------+----------------------------+-----
Dodging        | 2 3 4 5 |  5.2
Unarmed Combat | 4 5 6 7 8 10 | 10.1
Fighting       | 2 4 |  4.4
Stealth        | 1 2 |  2.5
Transmutations | 3 4 5 |  5.6
Spellcasting   | 3 4 5 |  5.1
Evocations     | |  0.3

Action                   |  1- 3 |  4- 6 |  7- 9 || total
-------------------------+-------+-------+-------++-------
Melee: Unarmed           |   130 |   158 |   321 ||   609
       Tailslap          |    10 |    16 |    47 ||    73
       Headbutt          |     3 |    12 |    34 ||    49
       Kick              |       |    10 |    17 ||    27
       Punch             |       |     1 |    19 ||    20
Throw: Stone             |     3 |    12 |    37 ||    52
 Cast: Beastly Appendage |     6 |    15 |    35 ||    56
       Sticks to Snakes  |       |     4 |     9 ||    13
Evoke: Wand              |       |       |    14 ||    14
  Use: Potion            |       |       |     2 ||     2
       Scroll            |       |       |     5 ||     5
 Stab: Sleeping          |     2 |     1 |       ||     3
       Distracted        |       |     1 |       ||     1
  Eat: Chunk             |     3 |     7 |    11 ||    21
       Ration            |       |       |     1 ||     1
Armor: Skin              |    56 |    73 |   117 ||   246
Dodge: Dodged            |    91 |    94 |   214 ||   399
